 Dungeon Crawl Stone Soup version 0.30-a0-586-g23e55c9e0a (console) character file.

Game seed: 13676812707655572011

191 petzl the Sneak (level 6, -5/48 HPs)
             Began as a Formicid Delver on Jan 3, 2023.
             Slain by an unseen horror zombie (7 damage)
             ... on level 9 of the Dungeon.
             The game lasted 00:11:03 (1510 turns).

petzl the Sneak (Formicid Delver)                   Turns: 1510, Time: 00:11:04

Health: -5/48      AC: 12    Str: 17    XL:     6   Next: 2%
Magic:  7/9        EV:  7    Int: 11    God:
Gold:   19         SH:  0    Dex: 15    Spells: 9/9 levels left

rFire   . . .      SeeInvis +    y - +0 quarterstaff
rCold   . . .      Faith    .    (no shield)
rNeg    . . .      Spirit   .    j - +4 chain mail of Lugonu's Felicitations {+Blink}
rPois   .          Reflect  .    (helmet unavailable)
rElec   .          Harm     .    (no cloak)
rCorr   .          Rampage  .    (no gloves)
Will    .....                    (no boots) Stlth
                                 (no amulet)
HPRegen 0.28/turn                (no ring)
MPRegen 0.11/turn                (no ring)

@: no status effects
A: permanent stasis, dig shafts and tunnels, antennae 3, four strong arms
a: Dig, Shaft Self


You were on level 9 of the Dungeon.
You visited 1 branch of the dungeon, and saw 10 of its levels.

You collected 89 gold pieces.
You spent 70 gold pieces at shops.

Inventory:

Hand Weapons
 a - a +0 mace
 b - a +0 sling
 y - a +0 quarterstaff (weapon)
 B - a +0 sling
Missiles
 n - 5 boomerangs (quivered)
 r - 11 stones
 s - 9 poisoned darts
Armour
 j - the +4 chain mail of Lugonu's Felicitations (worn) {+Blink}
   (You found it on level 5 of the Dungeon)

   +Blink:    It lets you blink.
 k - a +0 leather armour
Wands
 g - a wand of digging (3)
 h - a wand of flame (4)
Scrolls
 c - a scroll of fog
 d - a scroll of magic mapping
 e - 3 scrolls of fear
 i - a scroll of enchant weapon {unknown}
 l - a scroll of blinking {unknown}
 o - 2 scrolls of immolation {unknown}
 v - 3 scrolls of identify {unknown}
Potions
 f - a potion of haste
 m - a potion of curing {unknown}
 p - a potion of magic {unknown}
 q - a potion of brilliance {unknown}
 t - 2 potions of heal wounds
 u - a potion of lignification {unknown}
 w - a potion of mutation {unknown}
 x - a potion of berserk rage {unknown}
 z - a potion of cancellation {unknown}
 A - a potion of degeneration {unknown}


   Skills:
 - Level 4.2 Fighting
 - Level 3.1 Maces & Flails
 - Level 2.7 Dodging
 - Level 6.8 Stealth
 + Level 2.0 Spellcasting


You had 9 spell levels left.
You didn't know any spells.
Your spell library contained the following spells:

 Spells                   Type           Power      Damage    Failure   Level
 Freeze                   Ice            4%         1d3       99%         1
 Frozen Ramparts          Ice            2%         1d1       100%        3
 Hailstorm                Conj/Ice       1%         3d3       100%        3


Dungeon Overview and Level Annotations

Branches:
Dungeon (11/15)
 Temple: D:4-7         Lair: D:8-11         Orc: D:9-12

Altars:
Cheibriados

Shops:
D:6 *

Annotations:
D:5 Menkaure
D:7 exclusion: downstairs


Innate Abilities, Weirdness & Mutations

You cannot be hasted, slowed, berserked, paralysed or teleported.
You can dig through walls and to a lower floor.
You have a pair of large antennae on your head. (SInv)
Your four strong arms can wield two-handed weapons with a shield.


Message History

An orc comes into view. It is wielding a +0 hand axe.
The orc hits you but does no damage.
The orc wizard attacks as you move away!
The orc wizard hits you but does no damage.
An unseen horror zombie comes into view.
The orc wizard attacks as you move away!
The orc wizard hits you with a +0 dagger.
The orc wizard casts a spell at you.
You are confused.
The unseen horror zombie hits you.
You're too confused to move!
The unseen horror zombie hits you but does no damage. x2
The unseen horror zombie hits you.
The orc wizard attacks as you move away!
The orc wizard barely misses you.
The unseen horror zombie hits you but does no damage.
The unseen horror zombie barely misses you.
The unseen horror zombie attacks as you move away!
The unseen horror zombie hits you but does no damage. x2
The unseen horror zombie hits you!
The unseen horror zombie hits you but does no damage.
The orc wizard hits you but does no damage.
The unseen horror zombie barely misses you.
You feel less confused.
The unseen horror zombie hits you but does no damage.
The unseen horror zombie hits you.
Are you sure you want to shaft yourself?
The orc wizard hits you but does no damage.
The unseen horror zombie hits you.
* * * LOW HITPOINT WARNING * * *
You begin to dig a shaft.
You continue digging a shaft.
The unseen horror zombie hits you but does no damage.
The unseen horror zombie hits you.
* * * LOW HITPOINT WARNING * * *
The orc wizard hits you with a +0 dagger.
* * * LOW HITPOINT WARNING * * *
The orc hits you with a +0 whip.
* * * LOW HITPOINT WARNING * * *
The unseen horror zombie hits you!
You die...

#.o..##...... ...
#....##.....
....#.o.......#
##.............##..
##................. ... ..
##................. .. { ..
##....###...###### #.###
#.# # .#........#.# #o#..
..#.. ##..........#
#####...##....#
##....###.#.#
........{..{.# ##... #.#{#
##............{.# .# .
#.#o# #...........)# ##
#.#.# ###...........>#{ .#
#.#.# #..<......{....# ##
#.#.# #.....########.#
.###### #.#.#
#..............#♣ ##....#
#.#'####.....##........♣ {
##.##.#
#.......o....##.Zo....♣.♣
##.##.#
#.....####..###.@o.....♣.♣{
##.##.# #.....# #..#
#.........♣♣ ##.##.#
#.########..# #.......♣..♣
.#....# #...........#
#.......#...♣
##.###############.##
#.........♣..
...................#
#########..
#################### #.


You could see an orc wizard, an orc and an unseen horror zombie.

Vanquished Creatures
  A bullfrog (D:7)
  A centaur zombie (D:9)
  2 jellies
  An orc wizard (D:9)
  A white imp (D:5)
  2 dart slugs
  An orc (D:7)
  A quokka (D:4)
  A ball python (D:4)
11 creatures vanquished.

Notes
Turn   | Place    | Note
-------+----------+-------------------------------------------
     0 | D:5      | petzl the Formicid Delver began the quest for the Orb.
     0 | D:5      | Reached XP level 1. HP: 18/18 MP: 1/1
    60 | D:5      | Identified the +4 chain mail of Lugonu's Felicitations
                  | {+Blink}
   183 | D:2      | You fall into a shaft and drop 2 floors!
   279 | D:5      | Noticed a hound
   287 | D:4      | Noticed a hound
   288 | D:4      | Noticed a hound
   294 | D:4      | You fall into a shaft and drop 3 floors!
   364 | D:7      | Reached XP level 2. HP: 16/24 MP: 2/2
   382 | D:7      | Reached XP level 3. HP: 15/30 MP: 3/3
   596 | D:7      | Noticed a wight
   596 | D:7      | Noticed a scorpion
   596 | D:7      | Noticed a gnoll sergeant
   596 | D:7      | Noticed a sky beast
   603 | D:6      | You fall into a shaft and drop 1 floor!
   658 | D:6      | Found Noykheb's General Store.
   699 | D:6      | Bought a potion of heal wounds for 70 gold pieces
   733 | D:6      | Reached XP level 4. HP: 37/37 MP: 4/4
   895 | D:5      | Noticed Menkaure
   898 | D:5      | You fall into a shaft and drop 2 floors!
   945 | D:5      | Noticed a black bear
   949 | D:5      | You fall into a shaft and drop 2 floors!
  1035 | D:7      | Found a snail-covered altar of Cheibriados.
  1053 | D:8      | Noticed a wight
  1053 | D:8      | Noticed a wight
  1053 | D:8      | Noticed a wight
  1053 | D:8      | Noticed a necrophage
  1054 | D:8      | Noticed a wight
  1099 | D:7      | Noticed a bullfrog
  1102 | D:7      | Noticed a sky beast
  1110 | D:7      | Killed a bullfrog
  1111 | D:7      | Reached XP level 5. HP: 37/42 MP: 5/5
  1119 | D:7      | You fall into a shaft and drop 2 floors!
  1289 | D:9      | Noticed an orc warrior
  1330 | D:9      | You fall into a shaft and drop 2 floors!
  1409 | D:10     | Entered Level 10 of the Dungeon
  1488 | D:9      | Reached skill level 1 in Spellcasting
  1493 | D:9      | Reached XP level 6. HP: 48/48 MP: 5/9
  1501 | D:9      | Noticed an unseen horror zombie
  1510 | D:9      | HP: 2/48 [orc/+0 whip (2)]
  1510 | D:9      | Slain by an unseen horror zombie

Illustrated notes

Levels and vault maps discovered:
D:2:      layout_basic, minivault_26, kennysheep_generic_room_16
D:3:      kennysheep_the_goblin_king, layout_loops_ring,
          chequers_temple_overflow_minitemple,
          hellmonk_ecumenical_altar_heavens_door, uniq_terence
D:4:      layout_layer_cave, minmay_temple_entry_antechambers, solitary_fountain
D:5:      layout_basic, mainiacjoe_overflow_six_doors_small, lemuel_round_altar,
          grunt_dithmenos_shadows, uniq_menkaure
D:6:      layout_basic, serial_shops, shop, shop, shop, uniq_sigmund,
          uniq_maggie, uniq_grinder
D:7:      minmay_s_stair_smasher, layout_basic, kennysheep_slug_shrine
D:8:      layout_basic, grunt_lair_entry_orc_guard_hut
D:9:      layout_basic, nicolae_yredelemnul_corpse_copse, erik_orc_4,
          dk_vineyard_2, minmay_misc_feat_rugged
D:10:     layout_loops_ring, mainiacjoe_overflow_chevrons
D:11:     layout_irregular_city, gammafunk_ghost_split, chequers_mini_garden,
          minmay_misc_feat_iff, centaur_isle

Skill      XL: |  1  2  3  4  5 |
---------------+----------------+-----
Dodging        | 2 |  2.7
Fighting       | 4 |  4.2
Maces & Flails | 3 |  3.1
Spellcasting   | 2 |  2.0
Stealth        | |  6.8

Action                   |  1- 3 |  4- 6 || total
-------------------------+-------+-------++-------
Melee: Mace              |    12 |       ||    12
       Quarterstaff      |       |    24 ||    24
Throw: Dart              |     4 |       ||     4
 Abil: Shaft Self        |     3 |     5 ||     8
Evoke: Wand              |     4 |    12 ||    16
Armor: Chain mail        |    17 |    44 ||    61
Dodge: Dodged            |    13 |    21 ||    34

Table legend: (Time is in decaauts)
 A = Elapsed time spent in this place.
 B = Non-inter-level travel time spent in this place.
 C = Inter-level travel time spent in this place.
 D = Time resting spent in this place.
 E = Time spent auto-exploring this place.
 F = Levels seen in this place.
 G = Mean time per level.
                   A        B        C        D        E       F      G
               +--------+--------+--------+--------+--------+-----+--------+
         Total |   1518 |   1448 |     70 |    353 |    187 |  10 |  151.8 |
       Dungeon |   1518 |   1448 |     70 |    353 |    187 |  10 |  151.8 |
               +--------+--------+--------+--------+--------+-----+--------+

Top non-repeatable levels by time:
     D:7: 480 daAuts
     D:6: 251 daAuts
     D:9: 242 daAuts
     D:5: 197 daAuts
     D:4: 117 daAuts
    D:11: 78 daAuts
    D:10: 69 daAuts
     D:3: 66 daAuts
     D:2: 12 daAuts
     D:8: 1 daAuts
